 Dungeon Crawl Stone Soup version 0.29.0-4-gdea44cf6ec (webtiles) character file.

Game seed: 6770472101997007743

21 qw the Chopper (level 2, 0/17 HPs)
             Began as a Tengu Warper on Aug 28, 2022.
             Slain by an adder (1 damage)
             ... on level 1 of the Dungeon.
             The game lasted 00:00:04 (1215 turns).

qw the Chopper (Tengu Warper)                       Turns: 1215, Time: 00:00:05

Health: 0/17       AC:  5    Str: 11    XL:     2   Next: 87%
Magic:  6/6        EV: 10    Int: 13    God:
Gold:   39         SH:  0    Dex: 13    Spells: 5/5 levels left

rFire   . . .      SeeInvis .   a - +0 hand axe
rCold   . . .      Faith    .   (no shield)
rNeg    . . .      Spirit   .   g - +0 ring mail
rPois   .          Reflect  .   (helmet restricted)
rElec   .          Harm     .   (no cloak)
rCorr   .          Rampage  .   (no gloves)
Will    .....                   (boots unavailable)
Stlth   +.........              (no amulet)
HPRegen 0.05/turn               (no ring)
MPRegen 0.10/turn               (no ring)

@: lethally poisoned (0 -> -4)
A: beak, talons 3
a: no special abilities


You were on level 1 of the Dungeon.
You visited 1 branch of the dungeon, and saw 2 of its levels.

You collected 39 gold pieces.


Innate Abilities, Weirdness & Mutations

You have a beak for a mouth.
You have claws for feet.


   Skills:
 - Level 2.0 Fighting
 + Level 3.6 Axes
 - Level 1.0 Throwing
 - Level 1.1 Armour
 - Level 2.1 Dodging
 - Level 2.0 Spellcasting
 - Level 2.4 Translocations


You had 5 spell levels left.
You didn't know any spells.
Your spell library contained the following spells:

 Spells                   Type           Power      Damage    Failure   Level
 Blink                    Tloc           14%        N/A       34%         2
 Gell's Gravitas          Tloc           7%         N/A       56%         3
 Lesser Beckoning         Tloc           7%         N/A       56%         3
 Teleport Other           Tloc           7%         N/A       56%         3
 Manifold Assault         Tloc           7%         N/A       99%         5

Inventory:

Hand Weapons
 a - a +0 hand axe (weapon)
 h - a +0 mace
Missiles
 d - 2 silver javelins (quivered)
Armour
 g - a +0 ring mail (worn)
Potions
 e - a potion of attraction {unknown}

Dungeon Overview and Level Annotations

Branches:
Dungeon (2/15)

Altars:


Message History

Waypoint 1 assigned to D:2.
Enter note: Throw: 3 javelins (silver)
Press: ? - help, Q - select action Shift-Dir - straight line, f - adder You throw a silver javelin.
The silver javelin misses the adder.
1206 ||| STAIRDANCE The adder closely misses you.
The quokka twitches its whiskers.
The quokka barely misses you.
You climb upwards.
There is a stone staircase leading down here.
You completely miss the adder. You claw the adder. Your peck misses the adder.
The adder is lightly wounded.
The adder closely misses you.
You closely miss the adder. You claw the adder. Your peck misses the adder.
The adder is moderately wounded.
The adder bites you but does no damage. The adder bites you.
You are poisoned.
The adder poisons you!
You barely miss the adder.
The adder is moderately wounded.
You feel sick. The adder barely misses you.
You hit the adder. Your kick misses the adder.
The adder is heavily wounded.
You feel sick. The adder closely misses you. The adder misses you.
You closely miss the adder.
The adder is heavily wounded.
You feel sick. The adder bites you but does no damage.
You hit the adder.
The adder is almost dead.
You feel sick. The adder bites you.
You closely miss the adder.
The adder is almost dead.
You feel sick. The adder bites you.
You are lethally poisoned!
The adder poisons you! The adder bites you but does no damage.
You barely miss the adder. Your kick misses the adder.
The adder is almost dead.
You feel sick. The adder bites you.
You die...

#)...###.#..+........ #....#
#.#.##........ #....#
#.#.#........#
#########.)..###.#.#.######.#
#.......'....##..............
#.#######........#.#.#.##.#.#
#.# ####.###.#.#.#.#..#.# #.#
#S###.#.#.#.#..#.# #.#
#@...............' #.#
#.###.#.#.#.#..#.# #.# #.#
#.#.#...####.# #.# #.#
#.#........... #.# #.#
#.#..##'###### #.# #.#
#.#..#........ #.# #.#
#.#..#........ #.#
###'###.#..#........ #.#
#....##.#..#..).....


You could see an adder.

Vanquished Creatures
  2 ball pythons (D:1)
  2 bats (D:1)
  2 endoplasms (D:1)
  2 giant cockroaches (D:1)
  A hobgoblin (D:1)
  2 quokkas (D:1)
  A frilled lizard (D:1)
  4 kobolds (D:1)
  2 rats (D:1)
  A spectral hobgoblin (D:1)
19 creatures vanquished.

Notes
Turn   | Place    | Note
-------+----------+-------------------------------------------
     0 | D:1      | qw the Tengu Warper began the quest for the Orb.
     0 | D:1      | Reached XP level 1. HP: 12/12 MP: 4/4
     0 | D:1      | 0 ||| qw: Version: 0.1-a-89-g26bdef1
     0 | D:1      | 0 ||| qw: Game counter: 1804
     0 | D:1      | 0 ||| qw: Always use a shield: true
     0 | D:1      | 0 ||| qw: God list: Okawaru
     0 | D:1      | 0 ||| qw: Allow faded altars: false
     0 | D:1      | 0 ||| qw: Do Orc after D:15 true
     0 | D:1      | 0 ||| qw: Do second Lair branch before Depths: true
     0 | D:1      | 0 ||| qw: Lair rune preference: random
     0 | D:1      | 0 ||| qw: Plans: Normal
     0 | D:1      | 0 ||| PLANNING D:1-11
   328 | D:1      | Reached skill level 3 in Axes
   328 | D:1      | Reached XP level 2. HP: 11/17 MP: 6/6
   651 | D:1      | 651 ||| DROPPING +0 club.
   754 | D:1      | Found a faded altar of an unknown god.
   898 | D:1      | 898 ||| Stepping ~*~*~tactically~*~*~ (water).
  1171 | D:1      | 1171 ||| UPGRADING to +0 ring mail.
  1181 | D:1      | 1181 ||| DROPPING +0 leather armour.
  1182 | D:1      | 1182 ||| DROPPING ring of flight.
  1183 | D:1      | 1183 ||| DROPPING scroll of blinking.
  1206 | D:2      | 1206 ||| STAIRDANCE
  1214 | D:1      | HP: 3/17 [adder (2)]
  1215 | D:1      | HP: 1/17 [poisoned by an adder]
  1215 | D:1      | Slain by an adder

Levels and vault maps discovered:
D:1:      roderic_octagonal_star, layout_basic,
          dreamdust_ecumenical_altar_drowned_temple, dk_noncrumbling_3,
          chequers_serial_rivers_micro_a, minivault_25
D:2:      kb_forest_paths, layout_rooms, basic_altar, minmay_small_reverse_x,
          uniq_jessica

Skill      XL: |  1 |
---------------+----+-----
Axes           | 3 |  3.6
Fighting       | |  2.0
Throwing       | |  1.0
Armour         | |  1.1
Dodging        | |  2.1
Spellcasting   | |  2.0
Translocations | |  2.4

Action                   || total
-------------------------++-------
Melee: Hand axe          ||    41
       Kick              ||    11
       Peck              ||     7
Throw: Boomerang         ||     7
       Javelin           ||    17
Armor: Leather armour    ||     8
       Ring mail         ||     3
Dodge: Dodged            ||    29

Table legend:
 A = Non-vault XP
 B = Vault XP
 C = Vault XP percentage of total XP
 D = Non-vault monster count
 E = Vault monster count
 F = Vault count percentage of total count
                 A         B        C        D         E       F
            +---------+---------+-------+---------+---------+-------
      Total |      30 |       1 |   3.2 |      18 |       1 |   5.3
            +---------+---------+-------+---------+---------+-------
        D:1 |      30 |       1 |   3.2 |      18 |       1 |   5.3
            +---------+---------+-------+---------+---------+-------
